 Dungeon Crawl Stone Soup version 0.31.0-32-g396128a36d (webtiles) character file.

Game seed: 13225156709296555656

228 Curundu the Chopper (level 5, 0/46 (48) HPs)
             Began as a Minotaur Berserker on Mar 22, 2024.
             Was a Believer of Trog.
             Succumbed to Crazy Yiuf's poison
             ... on level 5 of the Dungeon.
             The game lasted 00:06:47 (3703 turns).

Curundu the Chopper (Minotaur Berserker)            Turns: 3703, Time: 00:06:48

HP:   0/46 (48)     AC:  2    Str: 23    XL:     5   Next: 71%
MP:   4/4           EV: 12    Int:  4    God:    Trog [**....]
Gold: 256           SH:  0    Dex: 10    Spells: 4/4 levels left

rFire   . . .        a - +0 hand axe
rCold   . . .        (no shield)
rNeg    . . .        b - +0 animal skin
rPois   .            (helmet restricted)
rElec   .            (no cloak)
rCorr   .            (no gloves)
SInv    .            (no boots)
Will    +++..        (no amulet)
Stlth   +            s - ring of willpower
HPRegen 1.27/turn    (no ring)
MPRegen 0.09/turn

%: no passive effects
@: lethally poisoned (0 -> -5), strong-willed (expiring), regenerating
(expiring), lightly drained
A: horns 2, retaliatory headbutt
a: Renounce Religion, Berserk, Trog's Hand


You were on level 5 of the Dungeon.
You worshipped Trog.
Trog was pleased with you.
You visited 1 branch of the dungeon, and saw 5 of its levels.

You collected 256 gold pieces.

Inventory:

Hand Weapons
 a - a +0 hand axe (weapon)
Armour
 b - a +0 animal skin (worn)
Jewellery
 h - a +6 ring of dexterity
 s - a ring of willpower (left hand)
Wands
 m - a wand of paralysis (9)
 t - a wand of digging (4)
Scrolls
 c - a scroll of fear {unknown}
 d - a scroll of torment {unknown}
 e - 2 scrolls of enchant weapon {unknown}
 i - a scroll of enchant armour {unknown}
 l - 2 scrolls of amnesia {unknown}
 o - 2 scrolls of blinking {unknown}
 p - a scroll of fog {unknown}
 q - 3 scrolls of teleportation {unknown}
 r - a scroll of immolation {unknown}
 x - a scroll of brand weapon {unknown}
Potions
 f - a potion of magic {unknown}
 g - a potion of haste {unknown}
 j - a potion of attraction {unknown}
 k - 2 potions of enlightenment {unknown}
 n - a potion of heal wounds {unknown}
 u - a potion of brilliance {unknown}
 v - 2 potions of might {unknown}
 w - a potion of degeneration {unknown}


   Skills:
 + Level 5.4 Fighting
 + Level 5.7 Axes
 + Level 2.6 Armour
 + Level 3.3 Dodging
 + Level 0.7 Stealth


You had 4 spell levels left.
You didn't know any spells.
Your spell library was empty.

Dungeon Overview and Level Annotations

Branches:
Dungeon (5/15)
 Temple: D:4-7

Altars:

Shops:
D:2 =![

Annotations:
D:5 Crazy Yiuf


Innate Abilities, Weirdness & Mutations

You have a pair of horns on your head.
You reflexively headbutt those who attack you in melee.


Message History

You see here a +0 hammer.
Found a hammer.
Found a runed translucent door.
Crazy Yiuf shouts!
Your skin crawls.
You feel strong-willed.
You open the door. You hit Crazy Yiuf but do no damage.
Crazy Yiuf hits you with a +4 quarterstaff of chaos!
You are confused.
You miss Crazy Yiuf. Crazy Yiuf closely misses you.
You are too confused!
You miss Crazy Yiuf. Crazy Yiuf closely misses you.
You bump into the stone wall.
Crazy Yiuf barely misses you. Crazy Yiuf attacks as he pursues you!
Crazy Yiuf closely misses you.
You bump into the rock wall.
Crazy Yiuf hits you with a +4 quarterstaff of chaos!
Crazy Yiuf freezes you.
You bump into the rock wall.
You feel less confused.
You feel the effects of Trog's Hand fading.
Crazy Yiuf closely misses you.
You hit Crazy Yiuf.
Crazy Yiuf is moderately wounded.
Crazy Yiuf yells, "Iron!
Goober snail illywillydillykilly."
Crazy Yiuf hits you with a +4 quarterstaff of chaos!
You feel drained.
You barely miss Crazy Yiuf.
Crazy Yiuf is moderately wounded.
Crazy Yiuf hits you with a +4 quarterstaff of chaos!
* * * LOW HITPOINT WARNING * * *
You are lethally poisoned!
You hit Crazy Yiuf.
Crazy Yiuf is moderately wounded.
* * * LOW HITPOINT WARNING * * *
You feel very sick.
Crazy Yiuf cries, "Leather verde head!"
Crazy Yiuf barely misses you.
You hit Crazy Yiuf.
Crazy Yiuf is moderately wounded.
You die...

#####
#)..#
#...#
...
#'#
#g## #
##@# .
#.## #
##.# #
##.##
#
##...#
##
#...)#
.#
#))..#
.#
#....#
.#
#....#


You could see Crazy Yiuf.

Vanquished Creatures
  A hound (D:4)
  3 iguanas
  4 adders
  2 dart slugs (D:1)
  2 ribbon worms
  2 orcs (D:4)
  3 ball pythons
  5 endoplasms
  4 giant cockroaches
  7 goblins
  8 hobgoblins
  12 jackals
  2 quokkas (D:1)
  4 bats
  4 frilled lizards
  5 kobolds
  4 rats
72 creatures vanquished.

Notes
Turn   | Place    | Note
-------+----------+-------------------------------------------
     0 | D:1      | Curundu the Minotaur Berserker began the quest for the Orb.
     0 | D:1      | Reached XP level 1. HP: 19/19 MP: 0/0
   290 | D:1      | Reached XP level 2. HP: 27/27 MP: 1/1
   732 | D:1      | Reached XP level 3. HP: 30/34 MP: 2/2
  1250 | D:2      | Found Niass's Jewellery Shoppe.
  1274 | D:2      | Reached ** piety under Trog
  1395 | D:2      | Found Kociodghi's Distillery.
  1564 | D:2      | Found Edij's Armour Emporium.
  2020 | D:3      | Reached XP level 4. HP: 22/41 MP: 3/3
  2475 | D:3      | Reached skill level 5 in Fighting
  3033 | D:4      | Reached skill level 5 in Axes
  3033 | D:4      | Reached XP level 5. HP: 44/48 MP: 4/4
  3530 | D:5      | Entered Level 5 of the Dungeon
  3687 | D:5      | Found a runed translucent door.
  3688 | D:5      | Noticed Crazy Yiuf
  3702 | D:5      | HP: 2/46 [poisoned by Crazy Yiuf]
  3703 | D:5      | Succumbed to Crazy Yiuf's poison

Illustrated notes

Levels and vault maps discovered:
D:1:      minmay_arrival_widening_spiral_narrow, layout_basic, st_stairs_5
D:2:      layout_loops_cross, serial_shops, shop, shop,
          nicolae_shop_tiny_waterfront, corexii_leaking_fountain
D:3:      layout_basic
D:4:      layout_rooms, minmay_crystal_room
D:5:      layout_basic, serial_shops, kennysheep_little_box,
          uniq_crazy_yiuf_cottage, uniq_menkaure

Skill      XL: |  1  2  3  4  5 |
---------------+----------------+-----
Fighting       | 4 5 |  5.4
Axes           | 4 5 |  5.7
Dodging        | 3 |  3.3
Armour         | |  2.6
Stealth        | |  0.7

Action                     |  1- 3 |  4- 6 || total
---------------------------+-------+-------++-------
  Melee: Hand axe          |    91 |    58 ||   149
         Headbutt          |    14 |    11 ||    25
 Invoke: Trog's Hand       |       |     1 ||     1
 Armour: Animal skin       |    78 |    36 ||   114
  Dodge: Dodged            |    88 |    36 ||   124
